 Dungeon Crawl Stone Soup version 0.29.0-10-g45618ea6d2 (webtiles) character file.

Game seed: 701751815277475779

2399 robertstho the Ruffian (level 9, -2/47 HPs)
             Began as a Vine Stalker Fighter on Sept 1, 2022.
             Was a Believer of Okawaru.
             Slain by an orc warrior
             ... wielding a +2 glaive of flaming
              (18 damage)
             ... on level 7 of the Dungeon.
             The game lasted 00:06:38 (5278 turns).

robertstho the Ruffian (Vine Stalker Fighter)       Turns: 5278, Time: 00:06:39

Health: -2/47      AC: 10    Str: 28    XL:     9   Next: 46%
Magic:  0/11       EV: 10    Int:  8    God:    Okawaru [**....]
Gold:   424        SH:  5    Dex: 15    Spells: 8/8 levels left

rFire   . . .      SeeInvis +     - Unarmed
rCold   . . .      Faith    .   b - +0 buckler
rNeg    . . .      Spirit   +   a - +0 scale mail
rPois   .          Reflect  .   k - +0 helmet
rElec   .          Harm     .   (no cloak)
rCorr   .          Rampage  .   y - +0 pair of gloves
Will    +....                   (no boots)
Stlth   ++........              (no amulet)
HPRegen 0.95/turn               i - +6 ring of strength
MPRegen 0.12/turn               s - ring of see invisible

@: no status effects
A: fangs 3, regeneration 1, magic shield, antimagic bite, no potion heal 2
a: Renounce Religion, Heroism


You were on level 7 of the Dungeon.
You worshipped Okawaru.
Okawaru was pleased with you.
You visited 2 branches of the dungeon, and saw 8 of its levels.

You collected 424 gold pieces.

Inventory:

Armour
 a - a +0 scale mail (worn)
 b - a +0 buckler (worn)
 k - a +0 helmet (worn)
 y - a +0 pair of gloves (worn)
Jewellery
 c - a ring of positive energy
 i - a +6 ring of strength (left hand)
 r - a ring of positive energy
 s - a ring of see invisible (right hand)
Wands
 n - a wand of polymorph (12)
 v - a wand of roots (9)
Scrolls
 f - a scroll of blinking
 g - a scroll of vulnerability {unknown}
 o - a scroll of poison {unknown}
 q - 2 scrolls of teleportation {unknown}
 u - 2 scrolls of magic mapping
 w - 3 scrolls of enchant armour
Potions
 d - a potion of heal wounds {unknown}
 e - 3 potions of lignification {unknown}
 h - a potion of degeneration {unknown}
 j - 4 potions of curing {unknown}
 l - 3 potions of haste
 m - 3 potions of berserk rage {unknown}
 p - 2 potions of cancellation {unknown}
 t - 2 potions of mutation
 x - a potion of might
 z - a potion of flight


   Skills:
 * Level 5.0 Fighting
 * Level 6.3 Armour
 + Level 1.5 Dodging
 * Level 5.9 Stealth
 + Level 3.9 Shields
 + Level 6.5 Unarmed Combat
 * Level 2.4 Invocations


You had 8 spell levels left.
You didn't know any spells.
Your spell library contained the following spells:

 Spells                   Type           Power      Damage    Failure   Level
 Sublimation of Blood     Necr           0%         N/A       86%         2
 Portal Projectile        Hex/Tloc       0%         N/A       98%         3
 Teleport Other           Tloc           0%         N/A       98%         3
 Petrify                  Tmut/Erth      0%         N/A       100%        4
 Blade Hands              Tmut           0%         N/A       100%        5
 Irradiate                Conj/Tmut      0%         3d11      100%        5
 Manifold Assault         Tloc           0%         N/A       100%        5
 Dragon Form              Tmut           0%         N/A       100%        7
 Shatter                  Erth           0%         3d5*      100%        9
 Summon Small Mammal      Summ           Unusable   N/A       N/A         1
 Call Canine Familiar     Summ           Unusable   N/A       N/A         3
 Summon Guardian Golem    Hex/Summ       Unusable   N/A       N/A         3

Dungeon Overview and Level Annotations

Branches:
Dungeon (7/15)             Temple (1/1) D:5

Altars:
Ashenzari
Cheibriados
Dithmenos
Elyvilon
Fedhas
Gozag
Hepliaklqana
Kikubaaqudgha
Makhleb
Nemelex Xobeh
Okawaru
Qazlal
Ru
Sif Muna
Trog
Uskayaw
Vehumet
Wu Jian
Yredelemnul
Zin
The Shining One

Shops:
D:5 :


Innate Abilities, Weirdness & Mutations

You have razor-sharp teeth.
Your natural rate of healing is unusually fast.
When hurt, damage is shared between your health and your magic reserves.
Your bite disrupts and absorbs the magic of your enemies.
Potions cannot restore your health.


Message History

The orc wizard casts a spell.
The orc wizard flickers and vanishes for a moment.
The orc hits you with a +1 vorpal hand axe.
The orc warrior hits you from afar with a +2 glaive of flaming.
The orc warrior burns you.
You barely miss the orc.
The orc is heavily wounded.
You block the orc's attack. The orc barely misses you.
The orc warrior unwields a +2 glaive of flaming.
It stops flaming.
The orc warrior wields a +0 arbalest.
The orc warrior shoots a bolt.
The bolt hits the orc wizard!!
The orc wizard dies!
Your Fighting skill increases to level 5!
You hit the orc.
The orc is severely wounded.
The orc hits you but does no damage. x2; The orc warrior shoots a bolt.
The bolt hits you.
You hit the orc. You bite the orc.
You kill the orc!
Okawaru accepts your kill.
The orc hits you with a +1 vorpal hand axe.
The orc warrior shoots a bolt.
The bolt hits you.
You barely miss the orc. The orc barely misses you.
You hit the orc. You bite the orc.
You kill the orc!
Okawaru accepts your kill.
You hit the orc warrior but do no damage.
The orc warrior unwields a +0 arbalest.
The orc warrior wields a +2 glaive of flaming.
It bursts into flame!
The orc warrior hits you with a +2 glaive of flaming.
The orc warrior burns you.
* * * LOW HITPOINT WARNING * * *
You hit the orc warrior.
The orc warrior is lightly wounded.
The orc warrior completely misses you.
You hit the orc warrior.
The orc warrior is moderately wounded.
The orc warrior hits you with a +2 glaive of flaming!!
You die...

##....# ##.##### .#
'......####.#.#
######.##...#.######
##........###. ....
##....###.##.. ... ###
##..#.###.##.###.##...#
.......##.##.#.#.)/...#
.#..#.....##....@o....#
#......#.......))....#
...........###.......##
...........# #####.#.#
.##.###....# .# # . ##
###### ##


You could see an orc warrior.

Vanquished Creatures
  Pikel (D:4)
  An unseen horror (D:6)
  Sigmund (D:6)
  Eustachio (D:4)
  A centaur (D:6)
  2 ogres (D:5)
  A kobold brigand (D:4)
  A bullfrog (D:6)
  A necrophage (D:7)
  A scorpion (D:4)
  A jelly (D:5)
  A howler monkey (D:4)
  An orc priest (D:5)
  4 hounds
  5 iguanas
  5 orc wizards (D:5)
  A statue (D:6)
  7 adders
  19 gnolls
  3 shadow imps
  2 ufetubi
  3 worms
  3 dart slugs
  35 orcs
  4 ball pythons
  7 bats
  7 endoplasms
  3 giant cockroaches
  6 goblins
  5 hobgoblins
  12 jackals (D:4)
  2 quokkas
  5 kobolds
  2 rats
154 creatures vanquished.

Vanquished Creatures (others)
  An orc wizard (D:7)
1 creature vanquished.

Grand Total: 155 creatures vanquished

Notes
Turn   | Place    | Note
-------+----------+-------------------------------------------
     0 | D:1      | robertstho the Vine Stalker Fighter began the quest for the
                  | Orb.
     0 | D:1      | Reached XP level 1. HP: 11/11 MP: 2/2
   204 | D:1      | Reached XP level 2. HP: 9/16 MP: 3/3
   604 | D:1      | Reached skill level 1 in Stealth
   609 | D:1      | Reached XP level 3. HP: 12/20 MP: 4/4
  1348 | D:2      | Found a faded altar of an unknown god.
  1735 | D:2      | Gained mutation: Your natural rate of healing is unusually
                  | fast. [Vine Stalker growth]
  1735 | D:2      | Reached XP level 4. HP: 18/24 MP: 5/5
  2458 | D:4      | Noticed Eustachio
  2459 | D:4      | Noticed a lemure
  2459 | D:4      | Noticed a lemure
  2460 | D:4      | Noticed Pikel
  2460 | D:4      | Noticed a lemure
  2462 | D:4      | Noticed a lemure
  2469 | D:4      | Killed Eustachio
  2470 | D:4      | Reached XP level 5. HP: 15/28 MP: 4/6
  2470 | D:4      | Reached XP level 6. HP: 18/32 MP: 4/7
  2472 | D:4      | Killed Pikel
  2473 | D:4      | Reached XP level 7. HP: 21/37 MP: 8/8
  2548 | D:4      | Reached skill level 1 in Dodging
  2639 | D:4      | Got the Compilation of Dislocated Metal
  2808 | D:4      | Found an opulent altar of Gozag.
  2809 | D:4      | Found a glowing golden altar of the Shining One.
  2819 | D:4      | Found a hide-covered altar of Uskayaw.
  2825 | D:4      | Gained mutation: You have razor-sharp teeth. [Vine Stalker
                  | growth]
  2825 | D:4      | Reached XP level 8. HP: 35/42 MP: 6/9
  3050 | D:4      | Reached skill level 5 in Armour
  3057 | D:4      | Reached skill level 5 in Unarmed Combat
  3465 | D:5      | Entered Level 5 of the Dungeon
  3472 | D:5      | Found a staircase to the Ecumenical Temple.
  3596 | Temple   | Entered the Ecumenical Temple
  3703 | Temple   | Became a worshipper of Warmaster Okawaru
  4044 | D:5      | Found Vedolli's Book Shoppe.
  4318 | D:5      | Reached skill level 5 in Stealth
  4318 | D:5      | Reached skill level 1 in Invocations
  4625 | D:5      | Reached * piety under Okawaru
  4640 | D:5      | Reached XP level 9. HP: 35/46 MP: 11/11
  4827 | D:6      | Found a radiant altar of Vehumet.
  4913 | D:6      | Noticed Sigmund
  4923 | D:6      | Killed Sigmund
  5000 | D:6      | Noticed an unseen horror
  5023 | D:6      | Killed an unseen horror
  5023 | D:6      | Reached ** piety under Okawaru
  5235 | D:7      | Found a glowing silver altar of Zin.
  5272 | D:7      | Reached skill level 5 in Fighting
  5278 | D:7      | Slain by an orc warrior

Illustrated notes

Levels and vault maps discovered:
D:1:      sevenhm_arrival_forest_fort_small_5, layout_loops_ring,
          minmay_heptomino_l4
D:2:      layout_loops_cross, chequers_ecumenical_altar_island
D:3:      layout_rooms, kennysheep_pointless_box, minmay_misc_feat_hallway
D:4:      lemuel_castle_with_subvaults [lemuel_castle_interior_original],
          layout_cave_pools, nicolae_uskayaw_murder_on_the_dancefloor,
          nicolae_overflow_squiral, uniq_eustachio, uniq_pikel
D:5:      minmay_clustersquares, layout_gridville,
          minmay_temple_entry_crystal_x, serial_shops, nicolae_shop_stone
D:6:      layout_cave_pools, vehumet_statue, uniq_sigmund
D:7:      layout_basic, zin_treasury, serial_shops, nicolae_diamond_shop,
          minmay_liquid_box, uniq_menkaure
Temple:   kb_temple_of_zot

Skill      XL: |  1  2  3  4  5  6  7  8  9 |
---------------+----------------------------+-----
Fighting       | 3 4 5 |  5.0
Stealth        | 1 2 3 5 |  5.9
Armour         | 3 4 5 6 |  6.3
Shields        | 3 |  3.9
Unarmed Combat | 3 4 5 6 |  6.5
Dodging        | 1 |  1.5
Invocations    | 1 2 |  2.4

Action                   |  1- 3 |  4- 6 |  7- 9 || total
-------------------------+-------+-------+-------++-------
Melee: Unarmed           |    98 |    41 |   382 ||   521
       Bite              |    32 |    12 |   106 ||   150
  Use: Potion            |       |     1 |       ||     1
       Scroll            |       |       |    10 ||    10
 Stab: Sleeping          |       |       |     1 ||     1
Armor: Scale mail        |    31 |    29 |   118 ||   178
Dodge: Dodged            |    34 |    16 |   139 ||   189
Block: Buckler           |    18 |    11 |    80 ||   109
